 Dungeon Crawl Stone Soup version 0.31-a0-826-ga5cc291a1b (webtiles) character file.

Game seed: 736846434917403819

97 qw the Shooter (level 4, -2/28 HPs)
             Began as a Gargoyle Hunter on Sept 23, 2023.
             Killed by divine providence
             ... invoked by an orc priest
              (12 damage)
             ... on level 3 of the Dungeon.
             The game lasted 00:00:46 (2040 turns).

qw the Shooter (Gargoyle Hunter)                    Turns: 2040, Time: 00:00:47

Health: -2/28      AC:  6    Str: 15    XL:     4   Next: 68%
Magic:  4/4        EV: 11    Int:  9    God:
Gold:   162        SH:  0    Dex: 15    Spells: 3/3 levels left

rFire   . . .        Y - +0 shortbow
rCold   . . .        (shield currently unavailable)
rNeg    + . .        c - +0 leather armour
rPois   inf          (no helmet)
rElec   +            (no cloak)
rCorr   .            (no gloves)
SInv    .            (no boots)
Will    .....        (no amulet)
Stlth   ++           (no ring)
HPRegen 0.24/turn    (no ring)
MPRegen 0.09/turn

%: no passive effects
@: no status effects
A: sickness immunity, AC +3, negative energy resistance 1, electricity
resistance, torment resistance 1, petrification resistance
a: no special abilities


You were on level 3 of the Dungeon.
You visited 1 branch of the dungeon, and saw 3 of its levels.

You collected 162 gold pieces.


Innate Abilities, Weirdness & Mutations

You are immune to sickness and miasma.
Your stone body is resilient. (AC +3)
You are immune to poison.
You resist negative energy. (rN+)
You are resistant to electric shocks. (rElec)
You are resistant to unholy torment.
You are immune to petrification.


   Skills:
 - Level 3.1 Fighting
 + Level 5.5 Ranged Weapons
 - Level 1.5 Dodging
 - Level 1.1 Stealth


You had 3 spell levels left.
You didn't know any spells.
Your spell library was empty.

Inventory:

Hand Weapons
 Y - a +0 shortbow (weapon)
Armour
 c - a +0 leather armour (worn)
Scrolls
 d - 3 scrolls of teleportation {unknown}
 e - a scroll of acquirement {unknown}
Potions
 a - 2 potions of curing {unknown}
 b - a potion of enlightenment {unknown}
 f - a potion of mutation {unknown}

Dungeon Overview and Level Annotations

Branches:
Dungeon (3/15)

Altars:
Vehumet
Wu Jian

Shops:
D:1 *


Message History

The orc priest is heavily wounded.
Something hits you but does no damage.
The orc priest casts a cantrip, but nothing happens.
Something hits you but does no damage.
You shoot an arrow.
The arrow completely misses the orc priest.
Something hits you but does no damage.
You shoot an arrow.
The arrow completely misses the orc priest.
Something hits you but does no damage.
You shoot an arrow.
The arrow hits the orc priest but does no damage.
The orc priest is moderately wounded.
Something hits you but does no damage.
You shoot an arrow. Something hits you.
You shoot an arrow. The arrow hits the orc priest.
The orc priest is heavily wounded.
Something hits you but does no damage.
You shoot an arrow. The arrow hits the orc priest.
The orc priest is almost dead.
Something hits you but does no damage.
You shoot an arrow.
The arrow hits the orc priest but does no damage.
The orc priest is almost dead.
Something hits you but does no damage. x2
You shoot an arrow. Something hits you.
You shoot an arrow.
The arrow hits the orc priest but does no damage.
The orc priest is almost dead.
You hear some strange, mumbled words.
A magic dart appears from out of thin air!
The magic dart hits you.
You shoot an arrow.
The arrow hits the orc priest but does no damage.
The orc priest is almost dead.
The orc priest calls down the wrath of Beogh upon you.
Beogh smites you!
You die...

#### ...# ##.#
##.#####################
#..............#oo.oo..o
......########.#{# #..
#..##........#.#@# #.#
)..#########.#.#.#########.####
#.####.....)........<....#....
#.##....####...............(#
#.##.#..# #..#.#...........#
..##.#..####...###.#........#
####.#........## ##........)#
#.#.#.......###.#........###
#.#.#......#.#.............#


You could see an orc priest and an orc.

Vanquished Creatures
  3 adders (D:3)
  A worm (D:2)
  2 dart slugs
  3 orcs (D:3)
  3 ball pythons
  6 endoplasms
  2 giant cockroaches (D:2)
  4 goblins
  5 hobgoblins
  4 jackals (D:2)
  8 kobolds
  2 quokkas (D:3)
  6 bats
  3 rats
52 creatures vanquished.

Notes
Turn   | Place    | Note
-------+----------+-------------------------------------------
     0 | D:1      | qw the Gargoyle Hunter began the quest for the Orb.
     0 | D:1      | Reached XP level 1. HP: 12/12 MP: 1/1
     0 | D:1      | 0 ||| qw: Version: 0.3-a-83-gcd0e7d8
     0 | D:1      | 0 ||| qw: Game counter: 1852
     0 | D:1      | 0 ||| qw: Melee chars always use a shield: true
     0 | D:1      | 0 ||| qw: God list: Okawaru
     0 | D:1      | 0 ||| qw: Allow faded altars: false
     0 | D:1      | 0 ||| qw: Do Orc after clearing Dungeon:15 true
     0 | D:1      | 0 ||| qw: Do second Lair branch before Depths: true
     0 | D:1      | 0 ||| qw: Lair rune preference: random
     0 | D:1      | 0 ||| qw: Goals: Normal
     0 | D:1      | 0 ||| PLANNING D:1-11
    59 | D:1      | Found Odaq Neir's General Store.
    64 | D:1      | 64 ||| SHOPLISTING +0 ring mail (52 gold, have 0).
    64 | D:1      | 64 ||| SHOPLISTING scroll of enchant armour (97 gold, have
                  | 0).
    64 | D:1      | 64 ||| SHOPLISTING scroll of identify (26 gold, have 0).
    64 | D:1      | 64 ||| SHOPLISTING scroll of teleportation (39 gold, have
                  | 0).
   283 | D:1      | Reached XP level 2. HP: 17/17 MP: 2/2
   770 | D:1      | 770 ||| DROPPING scroll of butterflies.
   875 | D:2      | Reached XP level 3. HP: 19/21 MP: 3/3
   888 | D:2      | Reached skill level 5 in Ranged Weapons
   894 | D:2      | Found a faded altar of an unknown god.
  1397 | D:2      | Found an ornate altar of the Wu Jian Council.
  1435 | D:2      | 1435 ||| DROPPING amulet of magic regeneration.
  1436 | D:2      | 1436 ||| READING scroll labelled GOQIMI SOO.
  1437 | D:2      | 1437 ||| READING scroll labelled VADDITU WOHER.
  1438 | D:2      | 1438 ||| READING 3 scrolls labelled CIPLOY ONWYU.
  1439 | D:2      | 1439 ||| READING scroll labelled VOARESM PYBBY.
  1440 | D:2      | 1440 ||| DROPPING 2 scrolls of fog.
  1509 | D:3      | Reached skill level 3 in Fighting
  1673 | D:3      | Identified the staff of Mandamus {*Corrode rF+ rC+ Int+5
                  | SInv Ice}
  1678 | D:3      | Found a radiant altar of Vehumet.
  1682 | D:3      | Reached XP level 4. HP: 28/28 MP: 4/4
  2016 | D:3      | 2016 ||| Stepping ~*~*~tactically~*~*~ (retreating).
  2040 | D:3      | Killed from afar by an orc priest

Levels and vault maps discovered:
D:1:      dpeg_arrival_renting, layout_basic, serial_shops,
          nicolae_shop_rolling_square
D:2:      layout_loops_cross, basic_altar,
          shapermc_ecumenical_altar_mp_ritualfount
D:3:      layout_loops_ring, nicolae_vehumet_altar_sigil,
          nicolae_uskayaw_suspiria, minmay_pentomino_pile

Skill      XL: |  1  2  3 |
---------------+----------+-----
Ranged Weapons | 5 |  5.5
Fighting       | 3 |  3.1
Dodging        | |  1.5
Stealth        | |  1.1

Action                     |  1- 3 |  4- 6 || total
---------------------------+-------+-------++-------
   Fire: Shortbow          |   117 |    73 ||   190
    Use: Scroll            |     4 |       ||     4
 Armour: Leather armour    |    31 |    40 ||    71
  Dodge: Dodged            |    26 |    30 ||    56

Table legend:
 A = Non-vault XP
 B = Vault XP
 C = Vault XP percentage of total XP
 D = Non-vault monster count
 E = Vault monster count
 F = Vault count percentage of total count
                 A         B        C        D         E       F
            +---------+---------+-------+---------+---------+-------
      Total |     113 |      26 |  18.7 |      46 |       6 |  11.5
            +---------+---------+-------+---------+---------+-------
        D:1 |      26 |       0 |   0.0 |      13 |       0 |   0.0
        D:2 |      37 |       0 |   0.0 |      19 |       0 |   0.0
        D:3 |      50 |      26 |  34.2 |      14 |       6 |  30.0
            +---------+---------+-------+---------+---------+-------
